AoeStats
← ccereal

African Clearing

510301128Analyzed
2v2 RM · 2d ago on Sep 30, 2026· 38m 13s· 4 players
Game mode
Random Map
Map size
Medium (4 player)
Population
200
Speed
Normal
Resources
Standard
Victory
Conquest
Starting age
Dark Age
Ending age
Imperial Age
RankedLock teamsTeams togetherTeam positionsShared explorationLock speedFull tech treeHidden civsTurbo modeCheats
Victory
Defeat
🇹🇷 Poles · Türkiye
1640
+14
🇺🇸 Japanese · United States
1516
+20
🇫🇷 Sicilians · France
1625
-18
🇫🇷 Hindustanis · France
1572
-16
JESUS_is_SAVIOR3
11:05 Feudal Age
11:36 Double-Bit Axe
11:34 Horse Collar
11:40 Town Watch
13:26 Wheelbarrow
14:10 Loom
26:02 Gold Mining
26:03 Stone Mining
29:09 Fishing Lines
33:55 Castle Age
32:26 Fletching
33:29 Forging
33:19 Scale Mail Armor
34:59 Gillnets
38:39 Imperial Age
38:07 Chain Mail Armor
Çıkmaz Sokak
11:12 Feudal Age
10:47 Loom
11:59 Loom
15:47 Castle Age
14:46 Double-Bit Axe
15:09 Gold Mining
16:38 Bow Saw
18:24 Scale Mail Armor
20:56 Squires
21:37 Horse Collar
23:13 Chain Mail Armor
25:52 Forging
26:57 Wheelbarrow
29:30 Iron Casting
29:06 Arson
31:35 Hand Cart
Flybidi
9:56 Loom
12:55 Feudal Age
16:45 Castle Age
15:06 Double-Bit Axe
15:02 Horse Collar
17:11 Scale Barding Armor
18:28 Bow Saw
24:59 Chain Barding Armor
26:05 Bloodlines
26:05 Light Cavalry
28:30 Forging
32:38 Wheelbarrow
36:13 Imperial Age
34:25 Heavy Plow
39:22 Imperial Age
38:04 Fletching
ccereal
8:48 Loom
9:22 Loom
11:32 Feudal Age
13:21 Town Watch
13:49 Fletching
15:57 Double-Bit Axe
18:49 Stone Mining
26:58 Castle Age
25:38 Gold Mining
30:19 Castle Age
Connection lost

Rejoining the realm…

Still unreachable

The connection could not be restored.

Session expired

The server has moved on; the page needs a fresh start.